 Dungeon Crawl Stone Soup version 0.19.0-19-g8c6edcc (webtiles) character file.

98 MovingMist the Ruffian (level 4, -4/45 HPs)
             Began as a Troll Monk on Nov 12, 2016.
             Was a Believer of the Shining One.
             Slain by an orc wizard
             ... wielding a cursed +0 dagger
              (5 damage)
             ... on level 3 of the Dungeon.
             The game lasted 00:04:57 (1882 turns).

MovingMist the Ruffian (Troll Monk)                 Turns: 1882, Time: 00:04:58

Health: -4/45      AC:  5    Str: 19    XL:     4   Next: 43%
Magic:  3/3        EV: 11    Int:  6    God:    the Shining One [**....]
Gold:   85         SH:  0    Dex: 13    Spells: 1 memorised, 1 level left

rFire  . . .     SeeInvis .       - Unarmed
rCold  . . .     Gourm    +     a - +0 robe
rNeg   + . .     Faith    .     (no shield)
rPois  .         Spirit   .     (helmet restricted)
rElec  .         Reflect  .     (no cloak)
rCorr  .         Harm     .     (gloves unavailable)
MR     .....                    (boots unavailable)
Stlth  +.........               (no amulet)
                                (no ring)
                                (no ring)

@: lethally poisoned (-4 -> -4), glowing
A: unfitting armour, claws 3, fast metabolism 3, gourmand, regeneration 1,
shaggy fur 1, tough skin 2
a: Divine Shield, Renounce Religion


You were on level 3 of the Dungeon.
You worshipped the Shining One.
The Shining One was pleased with you.
You were very full.

You visited 1 branch of the dungeon, and saw 3 of its levels.

You collected 85 gold pieces.

Inventory:

Armour
 a - a +0 robe (worn)
Scrolls
 e - a scroll of immolation {unknown}
 i - 2 scrolls of identify {unknown}
 j - a scroll of remove curse {unknown}
Potions
 c - a potion of agility {unknown}
 d - a potion of brilliance {unknown}
 g - a potion of magic {unknown}
Books
 h - a book of Minor Magic

   Spells                             Type                      Level
   a - Magic Dart                     Conjuration                  1
   b - Blink                          Translocation                2
   c - Call Imp                       Summoning                    2
   d - Repel Missiles                 Charms/Air                   2
   e - Slow                           Hexes                        2
   f - Conjure Flame                  Conjuration/Fire             3
   g - Mephitic Cloud                 Conjuration/Poison/Air       3
Comestibles
 b - 4 bread rations
 f - a slice of pizza
 l - a beef jerky


   Skills:
 - Level 3.0 Fighting
 + Level 3.3 Dodging
 - Level 1.0 Stealth
 + Level 4.0 Unarmed Combat


You had one spell level left.
You knew the following spells:

 Your Spells              Type           Power        Failure   Level  Hunger
a - Repel Missiles        Chrm/Air       #.....       77%         2    ###....


Dungeon Overview and Level Annotations

Branches:
Dungeon (3/15)

Altars:
The Shining One


Innate Abilities, Weirdness & Mutations

You are too large for most types of armour.
You have claws for hands.
Your metabolism is lightning-fast.
You like to eat raw meat.
Your natural rate of healing is unusually fast.
You are covered in fur. (AC +1)
You have very tough skin. (AC +2)


Message History

Found 2 gold pieces.
You barely miss the adder. The adder bites you.
* * * LOW HITPOINT WARNING * * *
You claw the adder!
You kill the adder!
The orc wizard hits you with a dagger.
* * * LOW HITPOINT WARNING * * *
You scratch the orc.
The orc is lightly wounded.
You feel sick. The orc hits you with a falchion.
* * * LOW HITPOINT WARNING * * *
The orc wizard closely misses you.
The orc wizard casts a spell.
You scratch the orc.
You kill the orc!
Your Unarmed Combat skill increases to level 4!
The orc wizard hits you with a dagger.
* * * LOW HITPOINT WARNING * * *
The orc wizard hits you with a dagger.
You die...

............#........
.....................
...................... .
.....)).......#.........
......<......#........$.
.............o..##.#..##
##..........(...........
#..........#ooo##......
###.#......oooo@...#
#....#.....#####....#
............# ####
....###...... ...#.#..
.....## ..r##


You could see 3 orc wizards and 5 orcs.

Vanquished Creatures
  An orc wizard (D:3)
  2 adders
  A worm (D:2)
  A leopard gecko (D:2)
  2 orcs (D:3)
  6 bats (D:2)
  2 giant cockroaches
  7 goblins
  A hobgoblin (D:1)
  8 jackals (D:1)
  A ball python (D:1)
  5 frilled lizards
  4 kobolds
  5 rats
46 creatures vanquished.

Notes
Turn   | Place    | Note
-------+----------+-------------------------------------------
     0 | D:1      | MovingMist the Troll Monk began the quest for the Orb.
     0 | D:1      | Reached XP level 1. HP: 22/22 MP: 0/0
   184 | D:1      | Reached XP level 2. HP: 23/29 MP: 1/1
   942 | D:2      | Reached XP level 3. HP: 37/37 MP: 2/2
   953 | D:2      | Learned a level 2 spell: Repel Missiles
  1087 | D:2      | Found a glowing golden altar of the Shining One.
  1447 | D:2      | Became a worshipper of the Shining One
  1447 | D:2      | Reached * piety under the Shining One
  1447 | D:2      | Reached ** piety under the Shining One
  1869 | D:3      | Reached XP level 4. HP: 27/45 MP: 3/3
  1881 | D:3      | HP: 1/45 [orc/falchion (5)]
  1882 | D:3      | Reached skill level 4 in Unarmed Combat
  1882 | D:3      | Slain by an orc wizard

Skill      XL: |  1  2  3  4 |
---------------+-------------+-----
Fighting       | 3 |  3.0
Dodging        | 3 |  3.3
Unarmed Combat | 4 |  4.0
Stealth        | |  1.0

Action                   |  1- 3 |  4- 6 || total
-------------------------+-------+-------++-------
Melee: Unarmed           |    93 |     4 ||    97
       Punch             |     1 |       ||     1
 Stab: Sleeping          |     3 |       ||     3
  Eat: Chunk             |    22 |       ||    22
Armor: Robe              |    38 |     2 ||    40
Dodge: Dodged            |    44 |     5 ||    49
